 Dungeon Crawl Stone Soup version 0.23-a0-671-g42e8185 (webtiles) character file.

7571 JeffiDaFish the Reanimator (level 10, -2/60 HPs)
             Began as a Deep Elf Necromancer on Dec 21, 2018.
             Was a Priest of Sif Muna.
             Slain by a yak (11 damage)
             ... on level 1 of the Lair of Beasts on Jan 9, 2019.
             The game lasted 00:36:46 (11488 turns).

JeffiDaFish the Reanimator (Deep Elf Necromancer)  Turns: 11488, Time: 00:36:47

Health: -2/60      AC:  6    Str:  6    XL:     10   Next: 97%
Magic:  3/25       EV: 18    Int: 23    God:    Sif Muna [***...]
Gold:   673        SH:  4    Dex: 15    Spells: 7/28 levels left

rFire    + . .     SeeInvis .   r - +0 long sword (holy)
rCold    + . .     Gourm    .   (no shield)
rNeg     . . .     Faith    .   a - +0 robe
rPois    +         Spirit   .   B - +0 helmet (curse)
rElec    .         Reflect  .   n - scarf {rC+ rF+}
rCorr    .         Harm     .   (no gloves)
MR       +....                  (no boots)
Stlth    ++........             (no amulet)
HPRegen  0.20/turn              d - ring of poison resistance
MPRegen  0.19/turn              m - ring of wizardry

@: divine energy
A: icy blue scales 1, large bone plates 1, blurry vision 1, sturdy frame 1
a: Stop Divine Energy, Channel Magic, Renounce Religion


You were on level 1 of the Lair of Beasts.
You worshipped Sif Muna.
Sif Muna was most pleased with you.
You were not hungry.

You visited 3 branches of the dungeon, and saw 12 of its levels.

You collected 673 gold pieces.

Inventory:

Hand Weapons
 e - a +0 dagger of draining
 r - a +0 long sword of holy wrath (weapon)
Armour
 a - a +0 robe (worn)
 b - a +0 cloak
 n - a scarf of resistance (worn)
 B - a cursed +0 helmet (worn)
Jewellery
 d - a ring of poison resistance (left hand)
 m - a ring of wizardry (right hand)
 q - a +4 ring of dexterity
 t - an uncursed ring of protection from fire
 C - an uncursed ring of magical power
Wands
 l - a wand of paralysis (9)
 u - a wand of disintegration (10)
 w - a wand of acid (10)
 z - a wand of iceblast (11)
Scrolls
 k - 3 scrolls of amnesia
 o - 3 scrolls of fear
 p - 2 scrolls of blinking
 s - 2 scrolls of identify
 v - 4 scrolls of magic mapping
 x - 2 scrolls of remove curse
 y - 3 scrolls of teleportation
Potions
 f - 3 potions of haste
 g - 2 potions of invisibility
 h - a potion of mutation
 i - 2 potions of berserk rage
 j - a potion of curing
 A - 2 potions of ambrosia
Comestibles
 c - 28 rations


   Skills:
 - Level 6.0 Fighting
 - Level 7.4 Armour
 + Level 9.0 Dodging
 - Level 2.4 Stealth
 * Level 9.6 Spellcasting
 + Level 2.5 Conjurations
 + Level 5.5 Hexes
 * Level 11.2 Necromancy


You had 7 spell levels left.
You knew the following spells:

 Your Spells              Type           Power        Failure   Level  Hunger
a - Pain                  Necr           ####         1%          1    None
b - Vampiric Draining     Necr           ######....   1%          3    None
c - Regeneration          Chrm/Necr      #####.....   1%          3    None
d - Slow                  Hex            #####...     1%          2    None
e - Confuse               Hex            #####...     1%          3    None
f - Venom Bolt            Conj/Pois      ###.......   34%         5    ####...
g - Animate Dead          Necr           N/A          1%          4    ##.....

Your spell library contained the following spells:

 Spells                   Type           Power        Failure   Level  Hunger
 Animate Skeleton         Necr           N/A          1%          1    None
 Confusing Touch          Hex            #####.       1%          1    None
 Flame Tongue             Conj/Fire      ###..        1%          1    None
 Magic Dart               Conj           ###.         1%          1    None
 Throw Flame              Conj/Fire      ###...       2%          2    None
 Inner Flame              Hex/Fire       ###.....     2%          3    None
 Blink                    Tloc           N/A          3%          2    None
 Call Imp                 Summ           ##......     3%          2    None
 Conjure Flame            Conj/Fire      ###.....     4%          3    None
 Mephitic Cloud           Conj/Pois/Air  ##......     4%          3    None
 Gell's Gravitas          Tloc           ##........   8%          3    None
 Sticky Flame             Conj/Fire      ###.....     14%         4    ##.....
 Metabolic Englaciation   Hex/Ice        ###.......   21%         5    ####...
 Yara's Violent Unravell  Hex/Tmut       ###.......   21%         5    ####...
 Petrify                  Tmut/Erth      ##......     24%         4    ##.....
 Fireball                 Conj/Fire      ###.......   34%         5    ####...
 Iskenderun's Battlesphe  Conj/Chrm      ###.....     34%         5    ####...
 Bolt of Magma            Conj/Fire/Erth ##........   41%         5    ####...
 Iron Shot                Conj/Erth      ###.......   88%         6    ######.
 Orb of Destruction       Conj           ###.......   99%         7    #######
 Spellforged Servitor     Conj/Summ      ###.......   100%        7    #######


Dungeon Overview and Level Annotations

Branches:
Dungeon (10/15)            Temple (1/1) D:4            Lair (1/6) D:10
    Orc (0/2) D:9

Altars:
Ashenzari
Cheibriados
Dithmenos
Elyvilon
Fedhas
Gozag
Hepliaklqana
Kikubaaqudgha
Makhleb
Nemelex Xobeh
Qazlal
Ru
Sif Muna
Trog
Uskayaw
Vehumet
Wu Jian
Xom
Yredelemnul
Zin
The Shining One

Shops:
D:7 (


Innate Abilities, Weirdness & Mutations

You are partially covered in icy blue scales. (AC +2)
You are partially covered in large bone plates. (SH +4)
Scrolls take you a little longer to read.
Your movements are slightly less encumbered by armour. (ER -2)


Message History

Really read with blurry vision while enemies are nearby?
The yak completely misses you. The yak closely misses you.
You begin reading the scroll.
You continue reading the scroll.
The yak gores you!
* * * LOW HITPOINT WARNING * * *
The yak closely misses you. The yak barely misses you.
You riposte.
You barely miss the yak.
The yak is moderately wounded.
As you read the scroll of fear, it crumbles to dust.
You assume a fearsome visage.
The yak looks frightened! x4
You catch the helpless yak completely off-guard!
You hit the yak.
Your attack snaps the yak out of its fear.
The yak is lightly wounded.
The yak misses you.
You riposte.
You hit the yak but do no damage.
The yak is lightly wounded.
The yak gores you.
* * * LOW HITPOINT WARNING * * *
The yak gores you!
You die...

#.................#.......
#.........................
#.........................
#......)......)...........
#.........................
#......Y..................
#..$.Y.....Y..............
#.................[.....#.
#....##.Y@...........#.###
#.#. ##.##...#.......## #.
#########.......## #
###......## ##......#
#....... #.#......
####..... ##....


You could see 4 yaks.

Vanquished Creatures
  A hydra (Lair:1)
  A black mamba (Lair:1)
  Prince Ribbit (D:9)
  Grinder (D:5)
  A hippogriff (D:7)
  4 yaks
  A wyvern (D:10)
  A warg (D:8)
  A water moccasin (D:8)
  2 porcupines (Lair:1)
  4 orc warriors
  An ice beast (D:5)
  2 sky beasts
  7 ogres
  5 wolves (Lair:1)
  2 centaurs
  2 crocodiles (Lair:1)
  4 bullfrogs
  4 scorpions
  11 killer bees (D:10)
  A howler monkey (D:8)
  2 crimson imps
  A centaur zombie (D:8)
  A quasit (D:10)
  A hound (D:10)
  8 orc priests
  A bullfrog skeleton (D:5)
  A centaur skeleton (D:8)
  2 jellies
  3 iguanas
  9 orc wizards
  3 worker ants
  A killer bee zombie (D:8)
  A hound skeleton (D:7)
  A worker ant zombie (D:9)
  11 adders
  2 shadow imps
  An ooze (D:3)
  An adder zombie (D:9)
  An adder skeleton (D:6)
  6 worms
  2 dart slugs
  5 leopard geckos
  45 orcs
  4 giant cockroaches
  10 goblins
  4 hobgoblins
  8 jackals
  9 quokkas
  3 ball pythons
  10 bats
  A frilled lizard (D:2)
  A jackal skeleton (D:5)
  6 kobolds
  A leopard gecko skeleton (D:8)
  5 rats
228 creatures vanquished.

Vanquished Creatures (collateral kills)
  6 yaks (D:10)
  An ice beast (D:10)
  An eye of draining (D:10)
  An orc wizard (D:10)
  A shadow imp (D:10)
  A quokka (D:10)
11 creatures vanquished.

Vanquished Creatures (others)
  A hound (D:5)
  An orc (D:7)
2 creatures vanquished.

Grand Total: 241 creatures vanquished

Notes
Turn   | Place    | Note
-------+----------+-------------------------------------------
     0 | D:1      | JeffiDaFish the Deep Elf Necromancer began the quest for
                  | the Orb.
     0 | D:1      | Reached XP level 1. HP: 10/10 MP: 6/6
   132 | D:1      | Gained mutation: Scrolls take you a little longer to read.
                  | [potion of mutation]
   132 | D:1      | Gained mutation: Your movements are slightly less
                  | encumbered by armour. (ER -2) [potion of mutation]
   132 | D:1      | Gained mutation: You are partially covered in icy blue
                  | scales. (AC +2) [potion of mutation]
   132 | D:1      | Gained mutation: You are partially covered in large bone
                  | plates. (SH +4) [potion of mutation]
   165 | D:1      | Reached skill level 5 in Necromancy
   194 | D:1      | Reached XP level 2. HP: 6/15 MP: 2/8
  1244 | D:2      | Reached XP level 3. HP: 11/19 MP: 0/10
  1261 | D:1      | Learned a level 3 spell: Vampiric Draining
  1457 | D:2      | Upgraded the game from 0.23-a0-607-g760965b7 to
                  | 0.23-a0-671-g42e8185
  1466 | D:2      | Learned a level 3 spell: Regeneration
  1783 | D:2      | Found a basalt altar of Yredelemnul.
  1909 | D:2      | Reached XP level 4. HP: 25/32 MP: 12/12
  1910 | D:2      | Reached skill level 8 in Necromancy
  1910 | D:2      | Reached XP level 5. HP: 29/36 MP: 13/13
  2032 | D:2      | Found an opulent altar of Gozag.
  2033 | D:2      | Found a glowing golden altar of the Shining One.
  2035 | D:2      | Found a radiant altar of Vehumet.
  2037 | D:2      | Found a blossoming altar of Fedhas.
  2038 | D:2      | Found a glowing silver altar of Zin.
  2108 | D:2      | Reached XP level 6. HP: 41/41 MP: 11/14
  2129 | D:2      | Found a hazy altar of Hepliaklqana.
  2286 | D:2      | Found a white marble altar of Elyvilon.
  3220 | D:4      | Found a staircase to the Ecumenical Temple.
  3243 | Temple   | Entered the Ecumenical Temple
  3258 | Temple   | Became a worshipper of Sif Muna the Loreminder
  3486 | D:4      | Learned a level 2 spell: Slow
  3672 | D:5      | Entered Level 5 of the Dungeon
  3725 | D:5      | Noticed Grinder
  4250 | D:5      | Got a jewelled helmet
  4250 | D:5      | Paralysed by Grinder for 3 turns
  4258 | D:5      | Paralysed by Grinder for 2 turns
  4264 | D:5      | Killed Grinder
  4264 | D:5      | Reached skill level 1 in Hexes
  4264 | D:5      | Reached XP level 7. HP: 46/46 MP: 11/16
  4609 | D:5      | Reached skill level 5 in Spellcasting
  4684 | D:5      | Identified the cursed -5 helmet of the Abyss {rElec MP+9
                  | Int+4 Dex+2} (You found it on level 5 of the Dungeon)
  4838 | D:5      | Found a shimmering altar of Xom.
  4956 | D:6      | Reached skill level 9 in Necromancy
  4987 | D:6      | Reached XP level 8. HP: 32/51 MP: 0/18
  5427 | D:6      | Reached * piety under Sif Muna
  6045 | D:7      | Found Xuits's Weapon Emporium.
  6270 | D:7      | Noticed a hippogriff
  6276 | D:7      | Killed a hippogriff
  6276 | D:7      | Reached XP level 9. HP: 40/55 MP: 6/20
  7203 | D:8      | Learned a level 3 spell: Confuse
  7467 | D:8      | Found a shadowy altar of Dithmenos.
  7479 | D:8      | Reached skill level 10 in Necromancy
  7609 | D:8      | Reached ** piety under Sif Muna
  8416 | D:9      | Found a staircase to the Orcish Mines.
  8479 | D:9      | Noticed Prince Ribbit
  8495 | D:9      | Killed Prince Ribbit
  8990 | D:10     | Entered Level 10 of the Dungeon
  9022 | D:10     | Learned a level 5 spell: Venom Bolt
  9062 | D:10     | Reached XP level 10. HP: 53/60 MP: 21/24
  9078 | D:10     | HP: 2/60 [killer bee (5)]
  9484 | D:10     | Learned a level 4 spell: Animate Dead
  9490 | D:10     | Found a staircase to the Lair.
  9525 | D:10     | Reached skill level 1 in Conjurations
  9570 | D:10     | Reached *** piety under Sif Muna
 10435 | Lair:1   | Entered Level 1 of the Lair of Beasts
 10449 | Lair:1   | Reached skill level 5 in Hexes
 10768 | Lair:1   | Noticed a five-headed hydra
 10803 | Lair:1   | Killed a five-headed hydra
 10803 | Lair:1   | Reached skill level 11 in Necromancy
 11464 | Lair:1   | Noticed a black mamba
 11471 | Lair:1   | Killed a black mamba
 11488 | Lair:1   | Slain by a yak

Vault maps used:
D:1:      lightli_arrival_quake
D:2:      kennysheep_six_static_rooms, yredelemnul_altar_generic,
          lemuel_round_altar, grunt_temple_overflow_open,
          nicolae_overflow_crystal_walls, first_ration
D:4:      minmay_temple_entry_slanted
D:5:      cheibrodos_sewer_entry_bend, xom_confusion_cloud, uniq_grinder
D:6:      nicolae_overflow_hidden_temple, minmay_alternating_orb
D:7:      serial_shops, nicolae_shop_stone
D:8:      kennysheep_mini_moat
D:9:      erik_orc_4, uniq_prince_ribbit1
D:10:     lair_entry_dummy
Temple:   minmay_freezing_vapour_temple
Lair:1:   grunt_megastairs_4, serial_bayou_shore_b, lemuel_fruit_tree

Skill      XL: |  1  2  3  4  5  6  7  8  9 10 |
---------------+-------------------------------+-----
Necromancy     | 5 8 9 10 11 | 11.2
Dodging        | 3 7 8 9 |  9.0
Spellcasting   | 4 5 6 8 9 |  9.6
Fighting       | 6 |  6.0
Armour         | 6 7 |  7.4
Hexes          | 1 2 4 5 |  5.5
Conjurations   | 2 |  2.5
Stealth        | |  2.4

Action                   |  1- 3 |  4- 6 |  7- 9 | 10-12 || total
-------------------------+-------+-------+-------+-------++-------
Melee: Dagger            |     7 |    45 |       |       ||    52
       Unarmed           |     1 |       |       |       ||     1
       Long sword        |       |     9 |   256 |    90 ||   355
 Cast: Pain              |    76 |    83 |   124 |    40 ||   323
       Vampiric Draining |       |     6 |    78 |    59 ||   143
       Slow              |       |     2 |     5 |       ||     7
       Regeneration      |       |     2 |     3 |     5 ||    10
       Confuse           |       |       |     2 |       ||     2
       Animate Dead      |       |       |       |     5 ||     5
Invok: Divine Energy     |       |       |     1 |       ||     1
  Use: Potion            |     8 |     4 |     1 |     3 ||    16
       Scroll            |     3 |     9 |     4 |     4 ||    20
 Stab: Sleeping          |       |     3 |     6 |     1 ||    10
       Confused          |       |       |     3 |       ||     3
       Distracted        |       |       |       |     1 ||     1
       Fleeing           |       |       |       |     1 ||     1
  Eat: Chunk             |     3 |     7 |    14 |     8 ||    32
       Ration            |       |       |     1 |       ||     1
Armor: Robe              |    12 |    12 |    77 |    35 ||   136
Dodge: Dodged            |    25 |    38 |   359 |   302 ||   724
Block: Other             |     7 |     9 |    65 |    55 ||   136
       Rpst.: Long sword |       |     2 |   109 |    92 ||   203

Table legend:
 A = Non-vault XP
 B = Vault XP
 C = Vault XP percentage of total XP
 D = Non-vault monster count
 E = Vault monster count
 F = Vault count percentage of total count
                 A         B        C        D         E       F
            +---------+---------+-------+---------+---------+-------
      Total |    8546 |    2009 |  19.0 |     195 |      44 |  18.4
            +---------+---------+-------+---------+---------+-------
        D:1 |      37 |       0 |   0.0 |      22 |       0 |   0.0
        D:2 |      89 |      21 |  19.1 |      21 |       6 |  22.2
        D:3 |      85 |       0 |   0.0 |      27 |       0 |   0.0
        D:4 |      59 |       0 |   0.0 |       4 |       0 |   0.0
        D:5 |     517 |     366 |  41.4 |       9 |       5 |  35.7
        D:6 |     450 |     424 |  48.5 |      14 |      12 |  46.2
        D:7 |     702 |       0 |   0.0 |      24 |       0 |   0.0
        D:8 |    1203 |     362 |  23.1 |      21 |      11 |  34.4
        D:9 |     321 |     483 |  60.1 |       6 |       7 |  53.8
       D:10 |    2462 |       0 |   0.0 |      36 |       0 |   0.0
     Lair:1 |    2621 |     353 |  11.9 |      11 |       3 |  21.4
            +---------+---------+-------+---------+---------+-------
